 Dungeon Crawl Stone Soup version 0.19-a0-1675-gc11f27c (webtiles) character file.

5388 Amciq the Ducker (level 10, -19/151 (153) HPs)
             Began as a Troll Berserker on Sept 23, 2016.
             Was an Elder of Trog.
             Killed from afar by smazza's ghost (29 damage)
             ... with a bolt of lightning
             ... on level 9 of the Dungeon.
             The game lasted 00:23:54 (6491 turns).

Amciq the Ducker (Troll Berserker)                  Turns: 6491, Time: 00:23:55

HP:   -19/151 (153) AC:  7    Str: 34    XL:     10   Next: 39%
MP:   9/9           EV: 12    Int:  3    God:    Trog [****..]
Gold: 375           SH:  0    Dex: 10    Spells: 0 memorised, 9 levels left

rFire  . . .     SeeInvis .     v - +0 giant spiked club
rCold  . . .     Gourm    +     a - +1 animal skin
rNeg   + . .     Faith    .     (shield currently unavailable)
rPois  .         Spirit   .     n - +1 hat
rElec  .         Dismiss  +     (no cloak)
rCorr  .         Reflect  .     (gloves unavailable)
MR     .....     Harm     .     (boots unavailable)
Stlth  ..........               A - amulet of dismissal
                                (no ring)
                                z - ring of positive energy

@: berserking (expiring), very quick
A: unfitting armour, claws 3, fast metabolism 3, gourmand, regeneration 1,
shaggy fur 1, tough skin 2
a: Berserk, Trog's Hand, Brothers in Arms, Burn Spellbooks, Renounce Religion


You were on level 9 of the Dungeon.
You worshipped Trog.
Trog was greatly pleased with you.
You were very full.

You visited 1 branch of the dungeon, and saw 9 of its levels.

You collected 375 gold pieces.

Inventory:

Hand Weapons
 o - a +1 whip of electrocution
 v - a +0 giant spiked club (weapon)
Armour
 a - a +1 animal skin (worn)
 n - a +1 hat (worn)
Jewellery
 k - an uncursed amulet of guardian spirit {unknown}
 y - an uncursed ring of see invisible {unknown}
 z - a ring of positive energy (left claw)
 A - an amulet of dismissal (around neck)
Wands
 p - a wand of lightning (7/15)
 r - a wand of hasting (4/9)
 s - a wand of polymorph (15/24)
 w - a wand of lightning (7/15)
Scrolls
 d - a scroll of magic mapping
 e - 3 scrolls of teleportation
 f - 2 scrolls of fear
 g - 2 scrolls of identify
 m - a scroll of noise {unknown}
 u - 3 scrolls of remove curse
Potions
 c - 5 potions of heal wounds {unknown}
 h - a potion of haste
 i - 5 potions of curing
 j - 3 potions of flight
 q - a potion of cancellation {unknown}
 x - a potion of might
 B - a potion of ambrosia
 D - a potion of lignification
Comestibles
 b - 6 bread rations
 l - 2 meat rations
 t - 9 chunks of flesh


   Skills:
 + Level 7.0 Fighting
 * Level 5.5 Maces & Flails
 + Level 6.7 Armour
 + Level 7.3 Dodging
 - Level 4.0 Unarmed Combat


You had 9 spell levels left.
You didn't know any spells.

Dungeon Overview and Level Annotations

Branches:
Dungeon (9/15)             Temple (0/1) D:4
   Lair: D:8-11         Orc: D:9-12

Altars:
Cheibriados
Elyvilon
Fedhas
Gozag
Hepliaklqana
Makhleb
Sif Muna
Trog
Yredelemnul
Zin

Shops:
D:5 *   D:6 (   D:8 =

Annotations:
D:9 smazza's ghost, novice NaAE


Innate Abilities, Weirdness & Mutations

You are too large for most types of armour.
You have claws for hands.
Your metabolism is lightning-fast.
You like to eat raw meat.
Your natural rate of healing is unusually fast.
You are covered in fur. (AC +1)
You have very tough skin. (AC +2)


Message History

You are struck by lightning.
The lightning arcs!
Smazza's ghost is struck by lightning.
The lightning grounds out.
You hit smazza's ghost.
Smazza's ghost is severely damaged.
Smazza's ghost hits you.
You completely miss smazza's ghost.
Smazza's ghost is severely damaged.
Smazza's ghost gestures at you while chanting.
The bolt of lightning hits you!
* * * LOW HITPOINT WARNING * * *
The bolt of lightning hits you!
* * * LOW HITPOINT WARNING * * *
Smazza's ghost says, "I'm really charged up about this fight."
Smazza's ghost hits you.
* * * LOW HITPOINT WARNING * * *
You impale smazza's ghost!!
Smazza's ghost is almost destroyed.
Smazza's ghost points at you and mumbles some strange words.
The bolt of lightning hits you!
You die...

.. #........# #...........
...#........###.......##..
...?......=.##...≈≈≈...# .
##.#........##..≈≈≈≈≈..#..
.....#..........≈≈♣≈≈.....
...#.#....####..≈≈≈≈≈..###
#..#.#..?.# ♣...≈≈≈...♣ #.
#..#W# ♣♣.......♣♣ #..#@#
♣♣.....♣♣ #..#.# ♣♣...♣♣
#..#.# ♣♣.....♣♣ ######
♣♣.......♣♣ ♣...≈≈≈...♣
♣♣..≈≈≈≈≈..♣♣
♣...≈≈_≈≈...♣
♣♣..≈≈≈≈≈..♣♣ ♣...≈≈≈...♣


You could see smazza's ghost.

Vanquished Creatures
  Gastronok (D:8)
  Pikel (D:5)
  Joseph (D:7)
  Grinder (D:4)
  A hippogriff (D:6)
  2 hungry ghosts (D:8)
  Edmund (D:6)
  2 phantoms
  An orc warrior (D:8)
  3 slaves (D:5)
  An ice beast (D:5)
  3 black bears
  3 ogres
  A necrophage (D:7)
  2 centaurs
  3 scorpions
  A howler monkey (D:4)
  A centaur zombie (D:5)
  2 crimson imps
  2 bullfrog zombies
  2 jellies (D:7)
  2 orc priests
  5 hounds
  An iguana (D:4)
  4 orc wizards
  6 worker ants
  A hound zombie (D:6)
  A hound skeleton (D:5)
  7 gnolls
  6 adders
  4 shadow imps
  An ooze (D:6)
  An adder zombie (D:7)
  A worm (D:4)
  10 dart slugs
  7 leopard geckos
  21 orcs
  2 ball pythons
  4 bats
  3 giant cockroaches
  6 goblins
  7 hobgoblins
  3 jackals (D:2)
  4 kobolds
  7 quokkas
  5 frilled lizards
  A jackal zombie (D:5)
  A leopard gecko zombie (D:5)
  A quokka skeleton (D:6)
  A quokka zombie (D:5)
  12 rats
170 creatures vanquished.

Vanquished Creatures (collateral kills)
  A bullfrog (D:7)
  A scorpion (D:7)
  A quasit (D:7)
3 creatures vanquished.

Grand Total: 173 creatures vanquished

Notes
Turn   | Place    | Note
-------+----------+-------------------------------------------
     0 | D:1      | Amciq the Troll Berserker began the quest for the Orb.
     0 | D:1      | Reached XP level 1. HP: 22/22 MP: 0/0
   146 | D:1      | Reached XP level 2. HP: 27/29 MP: 1/1
   483 | D:1      | Reached ** piety under Trog
   490 | D:1      | Reached XP level 3. HP: 36/36 MP: 2/2
   668 | D:1      | Reached skill level 1 in Armour
  1207 | D:2      | Reached XP level 4. HP: 31/44 MP: 3/3
  1460 | D:3      | Found a blossoming altar of Fedhas.
  1563 | D:3      | Found a hazy altar of Hepliaklqana.
  1726 | D:3      | Reached *** piety under Trog
  1921 | D:3      | Found a basalt altar of Yredelemnul.
  1938 | D:3      | Found a snail-covered altar of Cheibriados.
  1988 | D:4      | Reached XP level 5. HP: 48/53 MP: 4/4
  2124 | D:4      | Noticed Grinder
  2139 | D:4      | Killed Grinder
  2139 | D:4      | Reached XP level 6. HP: 44/62 MP: 5/5
  2338 | D:4      | Reached XP level 7. HP: 55/68 MP: 6/6
  2811 | D:4      | Found a staircase to the Ecumenical Temple.
  2865 | D:5      | Entered Level 5 of the Dungeon
  2907 | D:5      | Reached skill level 1 in Maces & Flails
  3238 | D:5      | Found Gozag's Platinum Reserve.
  3241 | D:5      | Found an opulent altar of Gozag.
  3477 | D:5      | Noticed Pikel
  3606 | D:5      | Reached skill level 5 in Dodging
  3606 | D:5      | Reached XP level 8. HP: 79/79 MP: 7/7
  3811 | D:5      | Killed Pikel
  3811 | D:5      | Reached skill level 5 in Fighting
  3890 | D:6      | Noticed a hippogriff
  3897 | D:6      | Killed a hippogriff
  3897 | D:6      | Reached skill level 5 in Armour
  4025 | D:6      | Found a bloodstained altar of Trog.
  4031 | D:6      | Reached XP level 9. HP: 86/89 MP: 8/8
  4144 | D:6      | Reached **** piety under Trog
  4187 | D:6      | Noticed Edmund
  4206 | D:6      | Killed Edmund
  4343 | D:6      | Found Himp's Antique Weapon Shop.
  4702 | D:6      | Found a deep blue altar of Sif Muna.
  4829 | D:7      | Noticed Joseph
  4843 | D:7      | Killed Joseph
  4998 | D:7      | Found a burning altar of Makhleb.
  5000 | D:7      | Noticed a blizzard demon
  5002 | D:7      | Found a glowing silver altar of Zin.
  5003 | D:7      | Noticed an angel
  5566 | D:8      | Noticed Gastronok
  5584 | D:8      | Killed Gastronok
  5584 | D:8      | Reached skill level 5 in Maces & Flails
  5584 | D:8      | Reached XP level 10. HP: 33/99 MP: 9/9
  6070 | D:8      | Found Ugrouj's Jewellery Emporium.
  6350 | D:9      | Found a white marble altar of Elyvilon.
  6463 | D:9      | Noticed smazza's ghost (novice NaAE)
  6491 | D:9      | Killed from afar by smazza's ghost

Vault maps used:
D:1:      dpeg_arrival_ratfight
D:2:      st_stairs_13
D:3:      kennysheep_slugbush, nicolae_overflow_quartered_altars,
          old_standard_altar, first_bread
D:4:      uniq_grinder
D:5:      nicolae_gozag_zags_fifth_avenue, uniq_pikel
D:6:      lemuel_blue_sif_altar, serial_shops, kennysheep_mini, nicolae_sextant,
          trog_ov_bears_minmay, uniq_edmund
D:7:      grunt_temple_overflow_order_and_chaos_2, uniq_joseph
D:8:      serial_shops, shop, uniq_gastronok
D:9:      elyvilon_altar_3, serial_shops, shop

Skill      XL: |  1  2  3  4  5  6  7  8  9 10 |
---------------+-------------------------------+-----
Armour         | 1 2 3 4 5 6 |  6.7
Unarmed Combat | 4 |  4.0
Dodging        | 3 4 5 6 7 |  7.3
Fighting       | 3 4 5 6 7 |  7.0
Maces & Flails | 1 5 |  5.5

Action                   |  1- 3 |  4- 6 |  7- 9 | 10-12 || total
-------------------------+-------+-------+-------+-------++-------
Melee: Unarmed           |   119 |    86 |   197 |       ||   402
       Punch             |     1 |     2 |     7 |       ||    10
       Whip              |       |       |   155 |       ||   155
       Giant club        |       |       |    32 |    19 ||    51
       Giant spiked club |       |       |       |    50 ||    50
Invok: Berserk           |       |       |    11 |     4 ||    15
       Burn Spellbooks   |       |       |     2 |     1 ||     3
       Brothers in Arms  |       |       |     1 |       ||     1
  Use: Scroll            |       |       |    17 |       ||    17
 Stab: Sleeping          |     1 |     1 |       |     1 ||     3
       Distracted        |       |       |     2 |       ||     2
  Eat: Chunk             |    16 |    11 |    33 |    16 ||    76
       Royal jelly       |       |       |     1 |       ||     1
       Meat ration       |       |       |       |     2 ||     2
       Pizza             |       |       |       |     1 ||     1
Armor: Animal skin       |    44 |    17 |   101 |    25 ||   187
Dodge: Dodged            |    71 |    44 |   171 |    57 ||   343
